 Dungeon Crawl Stone Soup version 0.29-a0-577-gafbf2c5d25 (webtiles) character file.

Game seed: 9910878604934064921

14 DocClef the Sneak (level 2, -2/26 HPs)
             Began as a Draconian Delver on June 13, 2022.
             Slain by Grinder (4 damage)
             ... while paralysed by Grinder
             ... on level 3 of the Dungeon.
             The game lasted 00:00:52 (794 turns).

DocClef the Sneak (Draconian Delver)                 Turns: 794, Time: 00:00:53

Health: -2/26      AC:  5    Str: 14    XL:     2   Next: 27%
Magic:  2/2        EV:  2    Int: 10    God:
Gold:   36         SH:  0    Dex: 12    Spells: 1/1 levels left

rFire   . . .      SeeInvis .   a - +0 short sword
rCold   . . .      Faith    .   (no shield)
rNeg    . . .      Spirit   .   (body armour unavailable)
rPois   .          Reflect  .   (helmet restricted)
rElec   .          Harm     .   (no cloak)
rCorr   .          Rampage  .   i - +0 pair of gloves
Will    .....                   (no boots)
Stlth   +++.......              (no amulet)
HPRegen 0.08/turn               (no ring)
MPRegen 0.08/turn               (no ring)

@: paralysed
A: AC +4, unfitting armour, cold-blooded
a: no special abilities


You were on level 3 of the Dungeon.
You visited 1 branch of the dungeon, and saw 3 of its levels.

You collected 36 gold pieces.

Inventory:

Hand Weapons
 a - a +0 short sword (weapon)
 h - a +0 antimagic dagger
Armour
 i - a +0 pair of gloves (worn)
Wands
 f - a wand of digging (3)
Scrolls
 b - a scroll of fog
 c - 2 scrolls of magic mapping
 d - a scroll of fear
 g - a scroll of identify {unknown}
Potions
 e - a potion of haste


   Skills:
 + Level 3.5 Fighting
 + Level 2.2 Short Blades
 + Level 2.0 Dodging
 + Level 4.6 Stealth


You had one spell level left.
You didn't know any spells.
Your spell library contained the following spells:

 Spells                   Type           Power      Damage    Failure   Level
 Summon Forest            Summ/Tloc      0%         N/A       100%        5
 Eringya's Noxious Bog    Tmut/Pois      0%         N/A       100%        6
 Summon Hydra             Summ           0%         N/A       100%        7


Dungeon Overview and Level Annotations

Branches:
Dungeon (5/15)
 Temple: D:4-7

Altars:

Annotations:
D:3 Grinder
D:4 Duvessa


Innate Abilities, Weirdness & Mutations

Your plain brown scales are hard. (AC +4)
You cannot fit into any form of body armour.
You are cold-blooded and may be slowed by cold attacks.


Message History

You finish putting on your +0 pair of gloves.
HP restored.
Found a pair of gloves.
Grinder comes into view.
Found a lumpy ruby potion.
Grinder is nearby!
Grinder is nearby!
The helpless Grinder fails to defend herself.
You puncture Grinder!
Grinder is moderately wounded.
Grinder gestures at you.
You suddenly lose the ability to move!
Grinder hits you.
You writhe in agony.
Grinder gestures at you. Pain shoots through your body!
Grinder hits you but does no damage. Grinder gestures at you.
You shrug off the repeated paralysis!
You can move again.
Unknown command.
You hit Grinder.
Grinder is heavily wounded.
Grinder hits you!
* * * LOW HITPOINT WARNING * * *
Unknown command.
Okay, then.
Hit: a) +0 short sword
Press: ? - help, Dir - move target, f - Grinder
Aim: Grinder (heavily wounded, about 42% to evade your +0 short sword)
Okay, then.
Okay, then.
You closely miss Grinder.
Grinder is heavily wounded.
Grinder closely misses you.
You closely miss Grinder.
Grinder is heavily wounded.
Grinder gestures at you.
You suddenly lose the ability to move!
Grinder hits you.
You die...

#.....#..........#
.##.....#..........#
...................#
...................#
#....(.............###
#............(..#....#
#..........)....#....#
#........########....#
######..##.!@........#
#.>##.5.........#
#####.......?##....
#...[....# .....
#........# .....
########## .... ...


You could see Grinder.

Vanquished Creatures
  An orc (D:5)
  An endoplasm (D:4)
  2 giant cockroaches
  2 hobgoblins (D:4)
  A quokka (D:4)
  A ball python (D:4)
  A bat (D:3)
  2 kobolds
11 creatures vanquished.

Notes
Turn   | Place    | Note
-------+----------+-------------------------------------------
     0 | D:5      | DocClef the Draconian Delver began the quest for the Orb.
     0 | D:5      | Reached XP level 1. HP: 19/19 MP: 1/1
    13 | D:5      | Noticed a lemure
    13 | D:5      | Noticed a lemure
    13 | D:5      | Noticed a lemure
   566 | D:4      | Reached XP level 2. HP: 16/26 MP: 2/2
   712 | D:4      | Noticed Duvessa
   780 | D:3      | Noticed Grinder
   786 | D:3      | Paralysed by Grinder for 5 turns
   793 | D:3      | Paralysed by Grinder for 3 turns
   794 | D:3      | Slain by Grinder

Illustrated notes

Levels and vault maps discovered:
D:3:      layout_basic, basic_ecumenical_altar, uniq_grinder
D:4:      gammafunk_steamed_eel, layout_layer_cave, nrook_uturn, uniq_duvessa
D:5:      layout_gridville, minmay_temple_entry_waves, doesnt_shop_hydraphobe,
          uniq_pikel

Skill      XL: |  1 |
---------------+----+-----
Dodging        | 2 |  2.0
Fighting       | |  3.5
Short Blades   | |  2.2
Stealth        | |  4.6

Action                   || total
-------------------------++-------
Melee: Short sword       ||    52
       Tailslap          ||     5
 Stab: Sleeping          ||     1
Armor: Skin              ||    12
Dodge: Dodged            ||    28

Table legend: (Time is in decaauts)
 A = Elapsed time spent in this place.
 B = Non-inter-level travel time spent in this place.
 C = Inter-level travel time spent in this place.
 D = Time resting spent in this place.
 E = Time spent auto-exploring this place.
 F = Levels seen in this place.
 G = Mean time per level.
                   A        B        C        D        E       F      G
               +--------+--------+--------+--------+--------+-----+--------+
         Total |    793 |    747 |     46 |    285 |    325 |   3 |  264.3 |
       Dungeon |    793 |    747 |     46 |    285 |    325 |   3 |  264.3 |
               +--------+--------+--------+--------+--------+-----+--------+

Top non-repeatable levels by time:
     D:5: 475 daAuts
     D:4: 261 daAuts
     D:3: 56 daAuts
